 Dungeon Crawl Stone Soup version 0.28.0-47-ge53b351184 (webtiles) character file.

Game seed: 17963662310621305137

259 pkoi the Insei (level 5, 0/61 HPs)
             Began as a Demigod Gladiator on May 6, 2022.
             Splashed by a jelly's acid (3 damage)
             ... on level 4 of the Dungeon.
             The game lasted 00:05:23 (5380 turns).

pkoi the Insei (Demigod Gladiator)                  Turns: 5380, Time: 00:05:23

Health: 0/61       AC: 14    Str: 15    XL:     5   Next: 63%
Magic:  16/16      EV:  2    Int: 14    God:
Gold:   161        SH:  0    Dex: 15    Spells: 4/4 levels left

rFire   . . .      SeeInvis .   o - +3 short sword (drain)
rCold   . . .      Faith    .   (no shield)
rNeg    + . .      Spirit   .   (armour currently unavailable)
rPois   +          Reflect  .   (helmet currently unavailable)
rElec   .          Harm     .   (cloak currently unavailable)
rCorr   .          Rampage  .   (gloves currently unavailable)
Will    .....      NoTele   +   (boots currently unavailable)
Stlth   +.........              m - amulet of magic regeneration
HPRegen 0.20/turn               e - ring of magical power
MPRegen 0.55/turn               h - ring of positive energy

@: tree-form, corroded
A: stationary, stasis, torment immunity, boosted hp, high MP 1, forlorn, divine
attributes
a: no special abilities


You were on level 4 of the Dungeon.
You were a tree.
You visited 1 branch of the dungeon, and saw 4 of its levels.

You collected 161 gold pieces.

Inventory:

Hand Weapons
 n - a +0 flail
 o - a +3 short sword of draining (weapon)
 q - a +0 hunting sling
 x - a +3 dagger of venom
Missiles
 c - 3 throwing nets (quivered)
 f - 5 boomerangs
 t - 151 stones
Armour
 a - a +0 leather armour
 b - a +0 helmet (melded)
 i - a +0 ring mail (melded)
 k - a +0 pair of boots (melded)
Jewellery
 e - a ring of magical power (left branch)
 h - a ring of positive energy (right branch)
 m - an amulet of magic regeneration (around neck)
Scrolls
 d - 3 scrolls of identify
 g - 5 scrolls of fog
 l - a scroll of silence {unknown}
 v - a scroll of noise {unknown}
Potions
 j - 2 potions of attraction {unknown}
 p - a potion of lignification
 r - a potion of curing
 s - a potion of mutation {unknown}
 u - a potion of invisibility {unknown}
 w - a potion of flight {unknown}


   Skills:
 + Level 1.8 Fighting
 - Level 1.7 Throwing
 + Level 0.2 Armour
 + Level 2.7 Dodging
 * Level 6.0 Unarmed Combat


You had 4 spell levels left.
You didn't know any spells.
Your spell library was empty.

Dungeon Overview and Level Annotations

Branches:
Dungeon (4/15)
 Temple: D:4-7

Shops:
D:2 =   D:4 (


Innate Abilities, Weirdness & Mutations

You are a tree.
Your roots penetrate the ground, keeping you stationary.
You cannot be teleported.
You are immune to unholy pain and torment.
Your maximum health is greatly increased.
Your equipment is partially melded.
You have an increased reservoir of magic. (+10% MP)
You shall have no god before yourself.
Your divine heritage dramatically boosts your attributes as you level up.


Message History

A jelly comes into view.
A jelly is nearby!
A jelly is nearby!
The jelly hits you but does no damage.
You hit the jelly. The acid corrodes you!
Your hands burn!
The jelly is moderately wounded.
The jelly hits you but does no damage.
You hit the jelly but do no damage. The acid corrodes you!
Your hands burn!
The jelly is moderately wounded.
The jelly misses you.
You hit the jelly.
Your hands burn!
* * * LOW HITPOINT WARNING * * *
The jelly is moderately wounded.
The jelly hits you.
* * * LOW HITPOINT WARNING * * *
You are splashed with acid!
* * * LOW HITPOINT WARNING * * *
The jelly hits you.
* * * LOW HITPOINT WARNING * * *
You are splashed with acid.
* * * LOW HITPOINT WARNING * * *
Unknown command.
Your +3 dagger of venom stops dripping with poison.
You sense an unholy aura.
o - a +3 short sword of draining (weapon)
You hit the jelly. The acid corrodes you!
Your hands burn!
* * * LOW HITPOINT WARNING * * *
The jelly is heavily wounded.
The jelly hits you.
* * * LOW HITPOINT WARNING * * *
You are splashed with acid!
* * * LOW HITPOINT WARNING * * *
Okay, then.
It was a potion of lignification.
You turn into a tree.
Your +0 helmet melds into your body.
Your +0 pair of boots melds into your body.
Your +0 ring mail melds into your body.
Your roots penetrate the ground.
The jelly hits you but does no damage.
You hit the jelly.
Your branches burn!
You die...

#.≈≈≈≈≈≈≈.# #.........##
.#########.# ......# ##.#
......# #..# ......# #.##
......###.#####
..............############.#
................♣J.........#
..............##############
.>............#
..........<...#
..............#
..............#
######........# #........#
#........#


You could see a jelly.

Vanquished Creatures
  2 orc priests
  Natasha (thrice) (D:4)
  4 gnolls (D:2)
  3 worms
  2 dart slugs
  11 orcs
  5 ball pythons
  An endoplasm (D:2)
  A giant cockroach (D:3)
  7 goblins
  6 hobgoblins
  2 jackals (D:1)
  4 quokkas
  4 bats
  3 frilled lizards (D:3)
  6 kobolds
  7 rats
  A butterfly (D:3)
72 creatures vanquished.

Vanquished Creatures (collateral kills)
  A rat (D:2)
1 creature vanquished.

Grand Total: 73 creatures vanquished

Notes
Turn   | Place    | Note
-------+----------+-------------------------------------------
     0 | D:1      | pkoi the Demigod Gladiator began the quest for the Orb.
     0 | D:1      | Reached XP level 1. HP: 17/17 MP: 3/3
   242 | D:1      | Reached skill level 3 in Unarmed Combat
   762 | D:2      | Reached XP level 2. HP: 5/24 MP: 4/4
  1794 | D:2      | Found Huwets's Jewellery Emporium.
  2142 | D:2      | Reached skill level 4 in Unarmed Combat
  2142 | D:2      | Reached XP level 3. HP: 4/29 MP: 5/5
  2142 | D:2      | HP: 1/29 [gnoll/+0 whip (3)]
  3063 | D:3      | Reached XP level 4. HP: 2/36 MP: 6/6
  3498 | D:3      | Reached skill level 5 in Unarmed Combat
  4220 | D:4      | Reached XP level 5. HP: 35/41 MP: 7/7
  4403 | D:4      | Noticed Natasha
  4414 | D:4      | Killed Natasha
  4756 | D:4      | Noticed Natasha
  4764 | D:4      | Killed Natasha
  4807 | D:4      | Found Teginon's Antique Weapon Boutique.
  4876 | D:4      | Noticed Natasha
  4884 | D:4      | Killed Natasha
  4885 | D:4      | Reached skill level 6 in Unarmed Combat
  5378 | D:4      | HP: 2/41 [acid (8)]
  5380 | D:4      | Splashed by a jelly's acid

Illustrated notes

Levels and vault maps discovered:
D:1:      sevenhm_arrival_forest_fort_large_4, layout_basic
D:2:      layout_loops_ring, hellmonk_ecumenical_altar_heavens_door,
          serial_shops, nicolae_shop_crystal, minmay_statues_item
D:3:      layout_loops_cross, grunt_temple_overflow_growth_and_decay,
          xom_butterflies, tso_metal_star
D:4:      layout_basic, mainiacjoe_overflow_paths, serial_shops,
          nicolae_shop_temple_entry_statues_fountains, uniq_natasha

Skill      XL: |  1  2  3  4  5 |
---------------+----------------+-----
Unarmed Combat | 3 4 5 6 |  6.0
Fighting       | |  1.8
Throwing       | |  1.7
Armour         | |  0.2
Dodging        | |  2.7

Action                   |  1- 3 |  4- 6 || total
-------------------------+-------+-------++-------
Melee: Unarmed           |    33 |       ||    33
       Punch             |     2 |     4 ||     6
       Short sword       |    70 |    73 ||   143
       Dagger            |       |    28 ||    28
 Fire: Hunting sling     |       |     8 ||     8
Throw: Throwing net      |     1 |       ||     1
  Use: Scroll            |     5 |       ||     5
       Potion            |       |     1 ||     1
Armor: Ring mail         |    34 |    43 ||    77
       Skin              |       |     1 ||     1
Dodge: Dodged            |    60 |    43 ||   103
